 Dungeon Crawl Stone Soup version 0.31.0-1-g2c135a008e (webtiles) character file.

Game seed: 3268970022832962519

56 Fv001 the Shield-Bearer (level 4, -6/36 HPs)
             Began as a Formicid Fighter on Jan 20, 2024.
             Splashed by a jelly's acid (9 damage)
             ... on level 2 of the Dungeon.
             The game lasted 00:04:07 (1308 turns).

Fv001 the Shield-Bearer (Formicid Fighter)          Turns: 1308, Time: 00:04:08

Health: -6/36      AC:  2    Str: 23    XL:     4   Next: 17%
Magic:  4/4        EV:  9    Int:  7    God:
Gold:   50         SH:  5    Dex: 13    Spells: 3/3 levels left

rFire   . . .        a - +1 flail
rCold   . . .        c - +0 buckler
rNeg    . . .        b - +0 scale mail
rPois   .            (helmet unavailable)
rElec   .            (no cloak)
rCorr   .            (no gloves)
SInv    +            (no boots)
Will    .....        (no amulet) Stlth
                     (no ring)
HPRegen 0.26/turn    (no ring)
MPRegen 0.09/turn

%: no passive effects
@: corroded
A: permanent stasis, dig shafts and tunnels, antennae 3, four strong arms
a: Dig, Shaft Self


You were on level 2 of the Dungeon.
You visited 1 branch of the dungeon, and saw 2 of its levels.

You collected 50 gold pieces.

Inventory:

Hand Weapons
 a - a +1 flail (weapon)
Armour
 b - a +0 scale mail (worn)
 c - a +0 buckler (worn)
Wands
 g - a wand of mindburst (13)
 l - a wand of iceblast (9)
Scrolls
 h - a scroll of identify {unknown}
 j - a scroll of fog
 m - a scroll of teleportation {unknown}
Potions
 d - 2 potions of might
 e - 2 potions of brilliance {unknown}
 f - a potion of berserk rage {unknown}
 i - 2 potions of curing
 k - 2 potions of lignification {unknown}
 n - a potion of resistance {unknown}


   Skills:
 + Level 3.6 Fighting
 + Level 3.1 Maces & Flails
 + Level 3.6 Armour
 + Level 4.5 Shields


You had 3 spell levels left.
You didn't know any spells.
Your spell library contained the following spells:

 Spells                   Type           Power      Damage    Failure   Level
 Apportation              Tloc           0%         N/A       80%         1
 Jinxbite                 Hex            0%         N/A       91%         2
 Alistair's Intoxication  Alch           0%         N/A       100%        5


Dungeon Overview and Level Annotations

Branches:
Dungeon (2/15)

Altars:
Ru
Sif Muna
Uskayaw
Wu Jian
Zin
The Shining One

Shops:
D:2 [[[*


Innate Abilities, Weirdness & Mutations

You cannot be hasted, slowed, berserked, paralysed or teleported.
You can dig through walls and to a lower floor.
You have a pair of large antennae on your head. (SInv)
Your four strong arms can wield two-handed weapons with a shield.


Message History

a +0 dagger; a stone; a kobold corpse
Okay, then.
You open the door.
A jelly comes into view.
The jelly quivers.
A jelly and 8 endoplasms come into view.
Found three bat skeletons, a rat skeleton and a flail.
Found six altars.
The endoplasm quivers. x6; The jelly quivers.
The endoplasm quivers.
The endoplasm hits the fungus.
The fungus begins to die.
There is an open door here.
Press: ? - help, v - describe, . - travel
Here: an endoplasm A glowing golden altar of the Shining One.
The jelly hits the toadstool.
The toadstool is destroyed!
Okay, then.
You barely miss the jelly. The jelly hits you but does no damage.
You sock the jelly!
Your hands burn!
The jelly is severely wounded.
The jelly hits you but does no damage.
You hit the jelly but do no damage. The acid corrodes you!
Your hands burn!
The jelly is heavily wounded.
The jelly hits you.
You are splashed with acid!
You hit the jelly but do no damage.
Your hands burn!
The jelly is heavily wounded.
The jelly hits you. The acid corrodes you!
You are splashed with acid!
* * * LOW HITPOINT WARNING * * *
You block the jelly's attack.
It was a potion of curing.
You feel better. The jelly hits you.
You are splashed with acid!
* * * LOW HITPOINT WARNING * * *
Aiming: Mindburst
Press: ? - help, Shift-Dir - straight line, f - jelly
Aim: a jelly (heavily wounded, not susceptible)
Okay, then.
The jelly attacks as it pursues you! The jelly hits you.
* * * LOW HITPOINT WARNING * * *
You are splashed with acid!
You die...

#####........#############..#####
...#...####### ########.##
......############......##.##
......###......##'.JP..P##..#
......##.....(.#.#..J...##..#
......'..).....#.#{{..__##..#
.....))........#.#{{.J.÷##..#
###...)......#'#J#{{{_.P##..#
##..##.....#.#@#{{...÷##.<#
#..###....#.#)#÷.PJJ.##..#
#>.#########.##.....)##..#
####...########## #<.#
.............#### #..#
######..........# #### #
#..........# #.)........#
#).........#


You could see a jelly.

Vanquished Creatures
  An adder (D:2)
  A ball python (D:1)
  5 endoplasms
  2 giant cockroaches
  3 goblins
  3 hobgoblins
  5 jackals
  10 kobolds
  2 quokkas
  4 bats (D:2)
  A frilled lizard (D:2)
  3 rats
40 creatures vanquished.

Notes
Turn   | Place    | Note
-------+----------+-------------------------------------------
     0 | D:1      | Fv001 the Formicid Fighter began the quest for the Orb.
     0 | D:1      | Reached XP level 1. HP: 18/18 MP: 1/1
   135 | D:1      | Reached XP level 2. HP: 23/24 MP: 2/2
   656 | D:1      | Reached XP level 3. HP: 29/29 MP: 3/3
   893 | D:2      | Found Xitaceh's Antique Armour Emporium.
   942 | D:2      | Found Lyfoshav's General Store.
   956 | D:2      | Found Merchovi's Armour Shoppe.
   974 | D:2      | Found Fucvexzox's Antique Armour Shop.
  1200 | D:2      | Reached XP level 4. HP: 31/35 MP: 4/4
  1296 | D:2      | Found a glowing golden altar of the Shining One.
  1296 | D:2      | Found a sacrificial altar of Ru.
  1296 | D:2      | Found a glowing silver altar of Zin.
  1296 | D:2      | Found a hide-covered altar of Uskayaw.
  1296 | D:2      | Found an ornate altar of the Wu Jian Council.
  1296 | D:2      | Found a shimmering blue altar of Sif Muna.
  1308 | D:2      | Splashed by a jelly's acid

Illustrated notes

Levels and vault maps discovered:
D:1:      onia_arrival_pyramid, layout_loops_ring
D:2:      cheibrodos_fertilizer, layout_rooms, serial_shops, shop, shop, shop,
          nicolae_square_shop, nicolae_concentric_dashed_squares_mild

Skill      XL: |  1  2  3 |
---------------+----------+-----
Maces & Flails | 3 |  3.1
Fighting       | |  3.6
Armour         | |  3.6
Shields        | |  4.5

Action                     |  1- 3 |  4- 6 || total
---------------------------+-------+-------++-------
  Melee: Flail             |   103 |    19 ||   122
    Use: Scroll            |     4 |       ||     4
         Potion            |       |     1 ||     1
 Armour: Scale mail        |    66 |    16 ||    82
  Dodge: Dodged            |    46 |     5 ||    51
  Block: Buckler           |    35 |     8 ||    43
